 Dungeon Crawl Stone Soup version 0.19-a0-675-gf8984cf (webtiles) character file.

298 Ijustatesigmund the Cutter (level 6, 0/43 HPs)
             Began as a Halfling Fighter on June 16, 2016.
             Slain by a wight
             ... wielding a cursed +3 halberd
              (12 damage)
             ... on level 4 of the Dungeon.
             The game lasted 00:06:26 (2684 turns).

Ijustatesigmund the Cutter (Halfling Fighter)       Turns: 2684, Time: 00:06:27

Health: 0/43       AC:  6    Str: 16    XL:     6   Next: 63%
Magic:  6/6        EV:  8    Int:  7    God:
Gold:   76         SH:  9    Dex: 16    Spells: 0 memorised, 5 levels left

rFire  . . .     SeeInvis .     a - +0 rapier
rCold  . . .     Gourm    .     b - +0 scale mail
rNeg   + . .     Faith    .     c - +0 shield
rPois  .         Spirit   .     (no helmet)
rElec  .         Dismiss  .     (no cloak)
rCorr  .         Reflect  .     (no gloves)
SustAt .         Harm     .     (no boots)
MR     .....                    (no amulet)
Stlth  ..........               (no ring)
                                l - ring of positive energy

@: heavily drained, not resistant to hostile enchantments, extremely unstealthy
A: mutation resistance 1
a: no special abilities


You were on level 4 of the Dungeon.
You were not hungry.

You visited 1 branch of the dungeon, and saw 4 of its levels.

You collected 76 gold pieces.

Inventory:

Hand Weapons
 a - a +0 rapier (weapon)
 r - a +2 short sword of draining
Armour
 b - a +0 scale mail (worn)
 c - a +0 shield (worn)
Jewellery
 l - a ring of positive energy (left hand)
Wands
 j - a wand of flame (18/48)
 n - a wand of enslavement (13/24)
Scrolls
 s - a scroll of remove curse
 t - a scroll of identify
Potions
 e - a potion of brilliance {unknown}
 i - a potion of flight
 k - a potion of haste {unknown}
 m - a potion of heal wounds {unknown}
 o - a potion of degeneration {unknown}
 q - a potion of cure mutation {unknown}
Comestibles
 f - 3 bread rations
 g - a meat ration
 h - a slice of pizza


   Skills:
 + Level 4.0(2.6) Fighting
 + Level 4.9(3.4) Short Blades
 - Level 4.6(3.1) Armour
 - Level 4.5(3.0) Shields


You had 5 spell levels left.
You didn't know any spells.

Dungeon Overview and Level Annotations

Branches:
Dungeon (4/15)
 Temple: D:4-7

Altars:
Cheibriados
Elyvilon
Kikubaaqudgha
Nemelex Xobeh
Qazlal
Yredelemnul


Innate Abilities, Weirdness & Mutations

You are small and have problems with some larger weapons.
You are somewhat resistant to further mutation.


Message History

Your shield and scale mail prevent you from hitting the wight.
You block the wight's attack.
You hit the wight but do no damage. You closely miss the wight.
You block the wight's attack.
You hit the wight.
The wight is lightly damaged.
The wight hits you with an enchanted halberd.
You hit the wight.
The wight is lightly damaged.
The wight hits you with an enchanted halberd!
You partially resist.
You feel drained.
You hit the wight but do no damage.
The wight is lightly damaged.
The wight hits you with an enchanted halberd!
You partially resist.
You feel drained.
* * * LOW HITPOINT WARNING * * *
You barely miss the wight.
The wight is lightly damaged.
The wight hits you with an enchanted halberd!
You die...

#.z.....# #..<....# ##..#####.#
## #..# .# . #..# .#.####
#..#####.#.#... #.............#
#####........#(#..#
#.@z...............
###.####...##..#.#..#
#...................#
#.#.#####............ #.#.#
#..###...#.## ##.#.# #..# #...#
# ##########....#####..#
#...#.##
##....................###.....).
#.............................##


You could see a wight.

Vanquished Creatures
  Sigmund (D:2)
  A wight (D:3)
  2 adders (D:3)
  3 worms
  2 dart slugs
  A giant gecko (D:1)
  An orc (D:3)
  A ball python (D:2)
  2 giant cockroaches
  13 goblins
  9 hobgoblins
  2 jackals (D:1)
  A quokka (D:2)
  9 bats
  4 giant newts
  4 kobolds
  6 rats
62 creatures vanquished.

Notes
Turn   | Place    | Note
--------------------------------------------------------------
     0 | D:1      | Ijustatesigmund the Halfling Fighter began the quest for the Orb.
     0 | D:1      | Reached XP level 1. HP: 15/15 MP: 1/1
   206 | D:1      | Reached XP level 2. HP: 21/21 MP: 2/2
   327 | D:1      | Reached XP level 3. HP: 22/26 MP: 3/3
   937 | D:2      | Reached XP level 4. HP: 31/31 MP: 4/4
   961 | D:2      | Noticed Sigmund
   979 | D:2      | Killed Sigmund
   979 | D:2      | Reached XP level 5. HP: 18/37 MP: 5/5
   979 | D:2      | Reached XP level 6. HP: 21/43 MP: 6/6
  1254 | D:2      | Found a basalt altar of Yredelemnul.
  1254 | D:2      | Found an ancient bone altar of Kikubaaqudgha.
  1255 | D:2      | Found a white marble altar of Elyvilon.
  2039 | D:3      | Found a sparkling altar of Nemelex Xobeh.
  2042 | D:3      | Found a snail-covered altar of Cheibriados.
  2045 | D:3      | Found a stormy altar of Qazlal.
  2684 | D:4      | Slain by a wight

Vault maps used:
D:1:      minmay_arrival_three_doors, hangedman_abyss_or_decor_lesser_grid
D:2:      gammafunk_temple_overflow_forgotten, uniq_sigmund
D:3:      grunt_temple_overflow_diamond, lemuel_flame_loot_1
D:4:      kennysheep_goblin_castle, lemuel_doored_altar, first_bread,
          grunt_ministairs_7

Skill      XL: |  1  2  3  4  5  6 |
---------------+-------------------+-----
Fighting       | 3 4 |  4.0
Short Blades   | 3 4 |  4.9
Armour         | 4 |  4.6
Shields        | 4 |  4.5

Action                   |  1- 3 |  4- 6 || total
-------------------------+-------+-------++-------
Melee: Rapier            |   116 |   110 ||   226
       Short sword       |       |    12 ||    12
  Use: Scroll            |     3 |     2 ||     5
       Potion            |       |     2 ||     2
  Eat: Chunk             |       |     5 ||     5
       Beef jerky        |       |     1 ||     1
Armor: Scale mail        |    49 |    24 ||    73
Dodge: Dodged            |    25 |    23 ||    48
Block: Shield            |    55 |    52 ||   107
